 Dungeon Crawl Stone Soup version 0.25-a0-294-gea9b1ad378 (webtiles) character file.

Game seed: 14962583523604375928, levelgen mode: deterministic

991 floatRand the Chiller (level 8, -6/52 HPs)
             Began as a Merfolk Ice Elementalist on Dec 19, 2019.
             Mangled by an orc warrior
             ... wielding a +0 hand axe
              (15 damage)
             ... on level 6 of the Dungeon.
             The game lasted 00:09:25 (6794 turns).

floatRand the Chiller (Merfolk Ice Elementalist)    Turns: 6794, Time: 00:09:25

Health: -6/52      AC:  4    Str: 14 (17) XL:     8   Next: 18%
Magic:  11/11      EV: 17    Int: 12 (14) God:
Gold:   266        SH:  0    Dex: 23      Spells: 3/11 levels left

rFire    . . .     SeeInvis +   p - +1 hand axe (chop)
rCold    x . .     Gourm    .   (no shield)
rNeg     . . .     Faith    .   w - +0 leather armour "Itriaph" {rC- Str+2 Dex+8}
rPois    .         Spirit   .   v - +0 helmet
rElec    .         Reflect  .   (no cloak)
rCorr    .         Harm     .   (no gloves)
MR       .....                  (no boots)
Stlth    +++.......             (no amulet)
HPRegen  0.17/turn              g - ring of flight
MPRegen  0.12/turn              x - ring of see invisible

@: mighty, lethally poisoned (-6 -> -9), hasted, very quick
A: change form in water, swift swim, stealthy swim
a: Evoke Flight


You were on level 6 of the Dungeon.
You were hungry.

You visited 1 branch of the dungeon, and saw 6 of its levels.

You collected 266 gold pieces.

Inventory:

Hand Weapons
 e - a +0 dagger
 h - a +0 long sword
 p - a +1 hand axe of chopping (weapon)
Armour
 a - a +0 robe
 v - a +0 helmet (worn)
 w - the +0 leather armour "Itriaph" (worn) {rC- Str+2 Dex+8}
   (You found it on level 4 of the Dungeon)

   It affects your strength (+2).
   It affects your dexterity (+8).
   It makes you vulnerable to cold.
Jewellery
 g - a ring of flight (left hand)
 x - a ring of see invisible (right hand)
Scrolls
 b - a scroll of random uselessness {unknown}
 d - 2 scrolls of identify
 f - a scroll of fear {unknown}
 i - 4 scrolls of teleportation {unknown}
 j - 5 scrolls of remove curse
 m - 2 scrolls of immolation {unknown}
 u - a scroll of amnesia
Potions
 k - a potion of curing
 n - a potion of degeneration
 r - a potion of magic {unknown}
 s - a potion of cancellation {unknown}
 t - a potion of berserk rage {unknown}
 z - a potion of lignification {unknown}
Comestibles
 c - 10 rations


   Skills:
 + Level 6.6 Dodging
 + Level 6.0 Stealth
 - Level 2.0 Spellcasting
 + Level 4.4 Charms
 + Level 6.7 Ice Magic


You had 3 spell levels left.
You knew the following spells:

 Your Spells              Type           Power        Failure   Level  Hunger
a - Freeze                Ice            ###.         2%          1    ##.....
b - Ozocubu's Armour      Chrm/Ice       ##......     11%         3    ####...
c - Hailstorm             Conj/Ice       #.......     65%         4    #####..

Your spell library contained the following spells:

 Spells                   Type           Power        Failure   Level  Hunger
 Confusing Touch          Hex            #.....       34%         1    ##.....
 Confuse                  Hex            #.......     71%         3    ####...
 Gell's Gravitas          Tloc           #.........   71%         3    ####...
 Summon Ice Beast         Ice/Summ       #.......     65%         4    #####..
 Metabolic Englaciation   Hex/Ice        #.........   94%         5    ######.
 Petrify                  Tmut/Erth      #.......     98%         4    #####..
 Yara's Violent Unravell  Hex/Tmut       #.........   100%        5    ######.


Dungeon Overview and Level Annotations

Branches:
Dungeon (6/15)             Temple (0/1) D:6

Altars:
Dithmenos
Gozag
Okawaru
Uskayaw
Vehumet
Wu Jian


Message History

It was a potion of heal wounds.
You feel much better.
The orc warrior hits you with a +0 war axe!
* * * LOW HITPOINT WARNING * * *
You closely miss the orc warrior.
The orc warrior is heavily wounded.
You feel sick. The orc warrior misses you.
You barely miss the orc warrior.
The orc warrior is heavily wounded.
You slash the orc warrior!
The orc warrior is severely wounded.
You feel sick. The orc warrior completely misses you.
You slash the orc warrior!
You kill the orc warrior!
You feel your dexterity returning.
Your Stealth skill increases to level 6!
You are feeling hungry.
You slash the orc warrior!
The orc warrior is heavily wounded.
The orc warrior hits you with a +0 hand axe!
You die...

....###....# #
#.o.....###.
####........
#.####..#.####
#.......#.#
#####...#.###
#oo.....#
#o#.#####
#@#... #.###.#
#.. .# #### #


You could see an orc warrior and 2 orcs.

Vanquished Creatures
  An orc warrior (D:6)
  A sky beast (D:5)
  An ogre (D:5)
  2 phantoms
  A bullfrog (D:6)
  A bullfrog zombie (D:5)
  A bullfrog skeleton (D:4)
  2 hounds
  3 iguanas
  8 worker ants
  5 adders
  A shadow imp (D:5)
  2 dart slugs (D:1)
  2 leopard geckos
  4 orcs
  5 giant cockroaches
  4 goblins (D:3)
  7 hobgoblins
  2 quokkas
  6 bats
  A jackal zombie (D:6)
  5 kobolds (D:2)
  10 rats
75 creatures vanquished.

Notes
Turn   | Place    | Note
-------+----------+-------------------------------------------
     0 | D:1      | floatRand the Merfolk Ice Elementalist began the quest for
                  | the Orb.
     0 | D:1      | Reached XP level 1. HP: 13/13 MP: 3/3
   603 | D:1      | Reached XP level 2. HP: 17/19 MP: 5/5
  1311 | D:2      | Reached XP level 3. HP: 14/24 MP: 6/6
  1890 | D:2      | Learned a level 3 spell: Ozocubu's Armour
  1916 | D:3      | Reached skill level 5 in Ice Magic
  1916 | D:3      | Reached XP level 4. HP: 7/30 MP: 2/7
  2379 | D:3      | Reached skill level 1 in Charms
  3075 | D:4      | Found an ornate altar of the Wu Jian Council.
  3117 | D:4      | Reached XP level 5. HP: 22/35 MP: 8/8
  3243 | D:4      | Found an iron altar of Okawaru.
  3676 | D:4      | Got a slimy leather armour
  3677 | D:4      | Identified the +0 leather armour "Itriaph" {rC- Str+2
                  | Dex+8} (You found it on level 4 of the Dungeon)
  3715 | D:4      | Reached XP level 6. HP: 14/41 MP: 9/9
  4270 | D:4      | Noticed a phantom
  4319 | D:4      | Killed a phantom
  4319 | D:4      | Reached skill level 5 in Dodging
  4905 | D:4      | Found a radiant altar of Vehumet.
  4970 | D:5      | Entered Level 5 of the Dungeon
  5379 | D:5      | Reached XP level 7. HP: 37/46 MP: 6/10
  5406 | D:5      | Learned a level 4 spell: Hailstorm
  5586 | D:5      | Reached skill level 5 in Stealth
  5774 | D:5      | Found a hide-covered altar of Uskayaw.
  5774 | D:5      | Found an opulent altar of Gozag.
  6319 | D:5      | Found a shadowy altar of Dithmenos.
  6513 | D:6      | Reached XP level 8. HP: 39/52 MP: 11/11
  6591 | D:6      | Found a staircase to the Ecumenical Temple.
  6794 | D:6      | Mangled by an orc warrior

Levels and vault maps discovered:
D:1:      dpeg_arrival_lava_altar, layout_rooms, hangedman_abyss_or_decor_stabs
D:2:      layout_loops_ring
D:3:      layout_rooms, serial_bayou_pond_e, chequers_serial_rivers_marsh
D:4:      layout_loops_cross, lemuel_crystal_altar, lemuel_crystal_altar,
          lemuel_coloured_pillars_altar
D:5:      layout_rooms, gammafunk_temple_overflow_wave, first_ration,
          minmay_misc_feat_enclosed, grunt_dithmenos_shadows
D:6:      layout_basic, grunt_temple_overflow_holy_war,
          minmay_temple_entry_stoned_glass, uniq_edmund

Skill      XL: |  1  2  3  4  5  6  7  8 |
---------------+-------------------------+-----
Dodging        | 3 4 5 6 |  6.6
Stealth        | 3 4 5 6 |  6.0
Ice Magic      | 5 6 |  6.7
Charms         | 1 2 3 4 |  4.4
Spellcasting   | |  2.0

Action                   |  1- 3 |  4- 6 |  7- 9 || total
-------------------------+-------+-------+-------++-------
Melee: Dagger            |    58 |       |       ||    58
       Hand axe          |    30 |   119 |    67 ||   216
       Long sword        |     9 |       |       ||     9
 Cast: Freeze            |     4 |    33 |    27 ||    64
       Ozocubu's Armour  |       |     1 |     2 ||     3
  Use: Scroll            |     5 |     1 |       ||     6
       Potion            |       |     2 |     6 ||     8
 Stab: Sleeping          |     7 |     5 |     4 ||    16
  Eat: Chunk             |     3 |     4 |     6 ||    13
       Ration            |       |     2 |       ||     2
Armor: Robe              |    25 |    14 |       ||    39
       Leather armour    |       |     6 |    17 ||    23
Dodge: Dodged            |    83 |   117 |    65 ||   265

Table legend:
 A = Non-vault XP
 B = Vault XP
 C = Vault XP percentage of total XP
 D = Non-vault monster count
 E = Vault monster count
 F = Vault count percentage of total count
                 A         B        C        D         E       F
            +---------+---------+-------+---------+---------+-------
      Total |    1405 |      12 |   0.8 |      74 |       1 |   1.3
            +---------+---------+-------+---------+---------+-------
        D:1 |      19 |       0 |   0.0 |      10 |       0 |   0.0
        D:2 |      35 |       0 |   0.0 |      17 |       0 |   0.0
        D:3 |      99 |       0 |   0.0 |      17 |       0 |   0.0
        D:4 |     380 |       0 |   0.0 |      13 |       0 |   0.0
        D:5 |     598 |      12 |   2.0 |      11 |       1 |   8.3
        D:6 |     274 |       0 |   0.0 |       6 |       0 |   0.0
            +---------+---------+-------+---------+---------+-------
